 Dungeon Crawl Stone Soup version 0.17-a0-737-gf0a300a (webtiles) character file.

2368 Ngotmuk the Skirmisher (level 9, -8/86 HPs)
             Began as a Deep Dwarf Fighter on May 6, 2015.
             Was an Initiate of Ru.
             Killed from afar by Maurice (11 damage)
             ... with a wand of draining
             ... on level 8 of the Dungeon.
             The game lasted 00:20:29 (6462 turns).

Ngotmuk the Skirmisher (Deep Dwarf Fighter)         Turns: 6462, Time: 00:20:30

Health: -8/86      AC: 13    Str: 26      XL:     9   Next: 21%
Magic:  8/8        EV:  8    Int:  8      God:    Ru [......]
Gold:   460        SH: 11    Dex: 11 (12) Spells: 0 memorised, 8 levels left

rFire  + . .     SeeInvis .     p - +5 captain's cutlass {speed}
rCold  + . .     Clarity  .     u - +1 scale mail {rC+}
rNeg   . . .     SustAb   .     c - +0 shield
rPois  .         Gourm    .     b - +2 helmet
rElec  .         Spirit   .     (no cloak)
rCorr  .         Warding  .     (no gloves)
rMut   .         Stasis   .     v - +0 pair of boots
MR     +....                    (no amulet)
Stlth  ..........               A - ring of protection from fire
                                L - +2 ring of strength

@: non-regenerating, heavily drained, somewhat resistant to hostile
enchantments, extremely unstealthy
A: damage resistance, recharge devices, sense surroundings 2, slow healing 3
a: Device Recharging, Renounce Religion


You were on level 8 of the Dungeon.
You worshipped Ru.
Ru was noncommittal.
You were not hungry.

You visited 2 branches of the dungeon, and saw 9 of its levels.

You collected 460 gold pieces.

Inventory:

Hand weapons
 p - the +5 captain's cutlass (weapon) {speed}
   (You found it on level 5 of the Dungeon)

   Attacks with this weapon are significantly faster.
Armour
 b - a +2 helmet (worn)
 c - a +0 shield (worn)
 u - a +1 scale mail of cold resistance (worn)
 v - a +0 pair of boots (worn)
Jewellery
 s - an uncursed ring of teleport control
 A - a ring of protection from fire (right hand)
 L - a +2 ring of strength (left hand)
Magical devices
 e - a wand of heal wounds (1)
 j - a wand of slowing (19)
 x - a wand of flame (15)
 E - a wand of fire (5)
 K - a wand of disintegration (11)
Scrolls
 a - 2 scrolls of teleportation
 g - 3 scrolls of remove curse
 h - 2 scrolls of amnesia
 i - a scroll of identify
 m - a scroll of fear
 n - 2 scrolls of magic mapping
 r - 2 scrolls of enchant armour
 t - a scroll of blinking
 y - a scroll of enchant weapon
Potions
 d - 3 potions of might
 f - 5 potions of curing
 l - a potion of invisibility {unknown}
 q - a potion of poison {unknown}
 z - a potion of ambrosia {unknown}
 C - a potion of brilliance
 D - a potion of flight {unknown}
 F - a potion of agility {unknown}
 G - 2 potions of heal wounds {unknown}
 I - 2 potions of restore abilities {unknown}
 J - a potion of lignification
Comestibles
 k - 4 beef jerkies
 o - 6 meat rations
 w - 3 bread rations
 B - 6 fruits
 H - a royal jelly
 M - 2 slices of pizza


   Skills:
 * Level 7.5(5.9) Fighting
   Level 5.5(4.0) Axes
 + Level 7.3(5.7) Armour
 + Level 7.4(5.8) Shields


You had 8 spell levels left.
You didn't know any spells.

Dungeon Overview and Level Annotations

Branches:
Dungeon (8/15)             Temple (1/1) D:5
   Lair: D:8-11

Altars:
Ashenzari
Cheibriados
Dithmenos
Elyvilon
Fedhas
Gozag
Kikubaaqudgha
Makhleb
Nemelex Xobeh
Okawaru
Qazlal
Ru
Sif Muna
Trog
Vehumet
Xom
Yredelemnul
Zin
The Shining One

Shops:
D:8 ?

Annotations:
D:8 Maurice


Innate Abilities, Weirdness & Mutations

You are resistant to damage.
You can recharge devices by infusing magical energy.
You passively map the area around you.
You do not heal naturally.


Message History

Found a white marble altar of Elyvilon.
You now have 460 gold pieces (gained 21).
You see here a long sword.
Found a shattered altar of Ashenzari and a deep blue altar of Sif Muna.
You are no longer poisoned.
There is a deep blue altar of Sif Muna here.
Found a shadowy altar of Dithmenos.
Found an opulent altar of Gozag.
There is an open door here.
There is a stone staircase leading up, spattered with blood here.
Found a shimmering altar of Xom.
B - 6 fruits (gained 3) Maurice the Thief comes into view.
He is wielding a dagger of protection.
Maurice zaps a wand.
The bolt of negative energy hits you!
You feel drained.
* * * LOW HITPOINT WARNING * * *
It is a wand of draining.
Maurice zaps a wand.
The bolt of negative energy hits you!
You feel drained.
* * * LOW HITPOINT WARNING * * *
Maurice zaps a wand.
The bolt of negative energy hits you!
You feel drained.
You die...

###.##.# #..#_......)..........
....##.# ######......8...8.....
######.#######..###.............#
# #............###....⌠....###
##.###########.............# #.#
###......8...8..... #.#
#_................. #.#
##########...8...#### #######.#
#...@..@.##.....## .....##.#
##.###.##..##...##
####.##.####...# .##..###_###
##...#......#....##..# ###.#
##.#.#.#####...#####..# #.#
........# ##.## #..# ##.##
##.#.#.## .# #..####...####
###....# .# #............. #
##.#.######.# #..####.......


You could see Maurice.

Vanquished Creatures
  Sigmund (D:5)
  Edmund (D:6)
  An orc warrior (D:7)
  An ice beast (D:5)
  A black bear (D:6)
  2 centaurs (D:6)
  5 ogres
  A giant frog (D:5)
  A scorpion (D:5)
  A quasit (D:7)
  7 lava snakes (D:7)
  3 crimson imps
  3 orc priests
  A hound (D:5)
  5 orc wizards
  7 worker ants
  A killer bee zombie (D:8)
  A hound skeleton (D:8)
  A worker ant zombie (D:6)
  Robin (D:3)
  6 adders
  A shadow imp (D:6)
  An adder zombie (D:6)
  3 worms
  3 giant geckos
  21 orcs
  19 bats
  A bat skeleton (D:6)
  6 giant cockroaches
  20 goblins
  17 hobgoblins
  7 jackals
  5 quokkas
  2 ball pythons
  A giant gecko skeleton (D:4)
  2 giant gecko zombies (D:5)
  6 giant newts
  A jackal zombie (D:5)
  15 kobolds
  A quokka zombie (D:6)
  13 rats
  A spectral orc (D:4)
197 creatures vanquished.

Notes
Turn   | Place    | Note
--------------------------------------------------------------
     0 | D:1      | Ngotmuk, the Deep Dwarf Fighter, began the quest for the Orb.
     0 | D:1      | Reached XP level 1. HP: 20/20 MP: 1/1
   143 | D:1      | Reached XP level 2. HP: 22/27 MP: 2/2
   592 | D:1      | Reached XP level 3. HP: 20/33 MP: 3/3
  1128 | D:2      | Found a snail-covered altar of Cheibriados.
  1195 | D:2      | Reached skill level 4 in Armour
  1323 | D:2      | Found an iron altar of Okawaru.
  1576 | D:2      | Reached XP level 4. HP: 18/42 MP: 4/4
  2132 | D:3      | Found a blossoming altar of Fedhas.
  2469 | D:3      | Noticed Robin
  2489 | D:3      | Killed Robin
  2520 | D:3      | Reached XP level 5. HP: 22/49 MP: 5/5
  3031 | D:4      | Reached XP level 6. HP: 33/57 MP: 6/6
  3081 | D:4      | Found a stormy altar of Qazlal.
  3306 | D:4      | Found a basalt altar of Yredelemnul.
  3435 | D:4      | Noticed an ogre
  3444 | D:4      | Killed an ogre
  3523 | D:5      | Entered Level 5 of the Dungeon
  3570 | D:5      | You fall through a shaft for 2 floors!
  3855 | D:5      | Reached skill level 5 in Shields
  3887 | D:5      | Reached skill level 5 in Armour
  3985 | D:5      | Reached XP level 7. HP: 38/66 MP: 7/7
  4205 | D:5      | Found a staircase to the Ecumenical Temple.
  4211 | Temple   | Entered the Ecumenical Temple
  4263 | Temple   | Became a worshipper of Ru the Awakened
  4409 | D:5      | Noticed Sigmund
  4418 | D:5      | Killed Sigmund
  4418 | D:5      | Reached skill level 5 in Fighting
  4418 | D:5      | Reached skill level 5 in Axes
  4639 | D:6      | Reached XP level 8. HP: 45/75 MP: 8/8
  4726 | D:6      | Reached skill level 6 in Shields
  4984 | D:6      | Noticed Edmund
  5002 | D:6      | Killed Edmund
  5590 | D:7      | Reached skill level 7 in Fighting
  5764 | D:7      | Gained mutation: You passively map the area around you. [Deep Dwarf growth]
  5764 | D:7      | Reached XP level 9. HP: 47/86 MP: 8/8
  5793 | D:7      | Got a jewelled quarterstaff
  5814 | D:7      | Identified the cursed +3 quarterstaff "Laizxaj" {antimagic, rElec MP-9 Dex+7} (You found it on level 7 of the Dungeon)
  5907 | D:8      | Found Ywomoifo's Magic Scroll Emporium.
  6108 | D:8      | Found a burning altar of Makhleb.
  6267 | D:8      | Found an iron altar of Okawaru.
  6353 | D:8      | Found a white marble altar of Elyvilon.
  6358 | D:8      | Found a shattered altar of Ashenzari.
  6358 | D:8      | Found a deep blue altar of Sif Muna.
  6371 | D:8      | Found a shadowy altar of Dithmenos.
  6375 | D:8      | Found an opulent altar of Gozag.
  6422 | D:8      | Found a shimmering altar of Xom.
  6459 | D:8      | Noticed Maurice
  6461 | D:8      | HP: 3/86 [Maurice/wand of draining (16)]
  6462 | D:8      | Killed from afar by Maurice

Action                   |  1- 3 |  4- 6 |  7- 9 || total
-------------------------+-------+-------+-------++-------
Melee: War axe           |   126 |   276 |    17 ||   419
       Cutlass           |       |       |   329 ||   329
       Quarterstaff      |       |       |    19 ||    19
Invok: Reject Sacrifices |       |       |     1 ||     1
 Abil: Device Recharging |       |       |     1 ||     1
Evoke: Wand              |     1 |     5 |     9 ||    15
  Use: Scroll            |       |     2 |    14 ||    16
  Eat: Bread ration      |     1 |     1 |     2 ||     4
       Royal jelly       |       |     1 |       ||     1
       Fruit             |       |       |     1 ||     1
